 Dungeon Crawl Stone Soup version 0.29.1-15-g9cfb28693d (webtiles) character file.

Game seed: 10879122237204033047

358 Heoruswealwe the Magician (level 6, -2/32 HPs)
             Began as a Deep Elf Earth Elementalist on Apr 19, 2023.
             Killed from afar by Blork the orc (7 damage)
             ... with a puff of flame
             ... on level 4 of the Dungeon.
             The game lasted 00:28:05 (2440 turns).

Heoruswealwe the Magician (DEEE)                    Turns: 2440, Time: 00:28:06

Health: -2/32      AC:  3    Str: 10    XL:     6   Next: 37%
Magic:  13/17      EV: 13    Int: 21    God:
Gold:   170        SH:  0    Dex: 19    Spells: 8/18 levels left

rFire   . . .      SeeInvis .   b - +0 long sword
rCold   . . .      Faith    .   (no shield)
rNeg    . . .      Spirit   .   c - +0 robe
rPois   .          Reflect  .   g - +0 helmet
rElec   .          Harm     .   (no cloak)
rCorr   .          Rampage  .   (no gloves)
Will    +....                   (no boots)
Stlth   ++........              (no amulet)
HPRegen 0.10/turn               k - ring of willpower
MPRegen 0.15/turn               j - +6 ring of strength

@: no status effects
A: hooves 1, agile 1
a: no special abilities


You were on level 4 of the Dungeon.
You visited 1 branch of the dungeon, and saw 4 of its levels.

You collected 170 gold pieces.

Inventory:

Hand Weapons
 b - a +0 long sword (weapon)
Armour
 c - a +0 robe (worn)
 g - a +0 helmet (worn)
 r - a +0 robe
Jewellery
 j - a +6 ring of strength (right hand)
 k - a ring of willpower (left hand)
Scrolls
 a - 3 scrolls of fear
 h - 2 scrolls of magic mapping
 n - a scroll of fog {unknown}
 o - a scroll of amnesia
 p - 2 scrolls of enchant armour {unknown}
 q - 3 scrolls of identify
Potions
 d - 3 potions of flight
 e - 3 potions of magic
 f - a potion of resistance
 i - a potion of brilliance
 l - 2 potions of attraction {unknown}
 m - a potion of invisibility


   Skills:
 - Level 2.4 Dodging
 - Level 2.4 Stealth
 + Level 6.7 Spellcasting
 - Level 1.1 Transmutations
 + Level 6.0 Earth Magic


You had 8 spell levels left.
You knew the following spells:

 Your Spells              Type           Power      Damage    Failure   Level
a - Sandblast             Erth           64%        2d14      1%          1
b - Stone Arrow           Conj/Erth      38%        3d9       8%          3
c - Petrify               Tmut/Erth      22%        N/A       21%         4
z - Passwall              Tmut/Erth      18%        N/A       3%          2

Your spell library contained the following spells:

 Spells                   Type           Power      Damage    Failure   Level


Dungeon Overview and Level Annotations

Branches:
Dungeon (4/15)
 Temple: D:4-7

Altars:
Cheibriados
The Shining One
Lugonu

Annotations:
D:4 Blork the orc


Innate Abilities, Weirdness & Mutations

You have large cloven feet.
You are agile. (Dex +4, Str/Int -1)


Message History

Confirm with . or Enter, or press ? or * to list all spells.
Aiming: Sandblast (safe; 1% risk of failure)
Press: ? - help, Shift-Dir - straight line, f - goblin
Aim: a goblin, wielding a +0 sling (80% to hit)
The blast of sand hits the goblin!!
You kill the goblin!
An orc comes into view. It is wielding a +0 club.
Found a scroll of fear.
Found an escape hatch in the floor.
Casting: Sandblast (safe; 1% risk of failure)
Confirm with . or Enter, or press ? or * to list all spells.
Aiming: Sandblast (safe; 1% risk of failure)
Press: ? - help, Shift-Dir - straight line, f - orc
Aim: an orc, wielding a +0 club and wearing a +0 leather armour (wandering, hasn't noticed you, 84% to hit)
The blast of sand hits the orc!
You kill the orc!
Things that are here:
a +0 club; a +0 leather armour
Things that are here:
a +0 sling; a +0 dagger An adder comes into view.
Casting: Sandblast (safe; 1% risk of failure)
Confirm with . or Enter, or press ? or * to list all spells.
Aiming: Sandblast (safe; 1% risk of failure)
Press: ? - help, Shift-Dir - straight line, f - adder
Aim: an adder (73% to hit)
The blast of sand hits the adder!
You kill the adder!
Blork the orc comes into view.
He is wielding a +0 mace and carrying a wand of flame (7).
Blork the orc shouts!
A quokka comes into view.
Casting: Sandblast (safe; 1% risk of failure)
Confirm with . or Enter, or press ? or * to list all spells.
You can't see any susceptible monsters within range! (Use Z to cast anyway.) Unknown command.
Blork the orc zaps a wand.
The puff of flame hits you!
* * * LOW HITPOINT WARNING * * *
Blork the orc zaps a wand.
The puff of flame misses you. Blork the orc casts a spell at you.
The puff of flame hits you!
You die...

#................##.....
#...##...........##.....
.?.#.##..........)....###.....
..........)....#.##...##......
........##.#...#..##..........
....##..##.#...#..#...........
##. #..#......#.....#........
# #........................
........@................
...........###.####....#..
...>.......# #...#.....#..
#........# ##.###.......
#........# ##...>.......
#....#...###............
##..###...#.....##...... #o#
###.......##...... #.r
#.....#.........


You could see Blork the orc.

Vanquished Creatures
  A scorpion (D:4)
  A small abomination (D:3)
  A hound (D:2)
  A gnoll bouda (D:4)
  10 adders
  6 gnolls
  2 worms
  2 dart slugs
  10 orcs
  3 bats
  3 endoplasms
  2 giant cockroaches
  5 goblins
  4 hobgoblins
  10 jackals
  A quokka (D:2)
  4 ball pythons
  7 frilled lizards
  6 kobolds
  7 rats
86 creatures vanquished.

Vanquished Creatures (others)
  3 fungi (D:2)
  17 plants (D:2)
20 creatures vanquished.

Grand Total: 106 creatures vanquished

Notes
Turn   | Place    | Note
-------+----------+-------------------------------------------
     0 | D:1      | Heoruswealwe the Deep Elf Earth Elementalist began the
                  | quest for the Orb.
     0 | D:1      | Reached XP level 1. HP: 10/10 MP: 6/6
   312 | D:1      | Reached XP level 2. HP: 15/15 MP: 4/8
   317 | D:1      | Learned a level 2 spell: Passwall
   552 | D:2      | Reached XP level 3. HP: 19/19 MP: 6/10
   556 | D:2      | Learned a level 3 spell: Stone Arrow
   767 | D:2      | Reached XP level 4. HP: 14/24 MP: 4/12
   772 | D:2      | Learned a level 4 spell: Petrify
  1064 | D:2      | Found a faded altar of an unknown god.
  1094 | D:2      | Prayed at the altar of an unknown god.
  1094 | D:2      | Became a worshipper of Lugonu the Unformed
  1094 | D:2      | Reached * piety under Lugonu
  1094 | D:2      | Reached ** piety under Lugonu
  1095 | D:2      | Fell from the grace of Lugonu
  1232 | D:2      | Reached skill level 5 in Spellcasting
  1490 | D:3      | Found a glowing golden altar of the Shining One.
  1597 | D:3      | Found a snail-covered altar of Cheibriados.
  1621 | D:3      | Reached skill level 5 in Earth Magic
  1621 | D:3      | Reached XP level 5. HP: 12/28 MP: 11/14
  2217 | D:4      | Reached XP level 6. HP: 32/32 MP: 15/17
  2351 | D:4      | Gained mutation: You have large cloven feet. [potion of
                  | mutation]
  2351 | D:4      | Gained mutation: You are agile. (Dex +4, Str/Int -1)
                  | [potion of mutation]
  2435 | D:4      | Noticed Blork the orc
  2440 | D:4      | Killed from afar by Blork the orc

Illustrated notes

Levels and vault maps discovered:
D:1:      elethiomel_arrival_quiet, layout_rooms
D:2:      layout_loops_corners, shapermc_ecumenical_altar_mp_ritualfount
D:3:      layout_loops_ring, mainiacjoe_overflow_large_starburst
D:4:      layout_cave_pools, temple_green, uniq_blork_the_orc

Skill      XL: |  1  2  3  4  5  6 |
---------------+-------------------+-----
Spellcasting   | 4 5 6 |  6.7
Earth Magic    | 4 5 6 |  6.0
Dodging        | |  2.4
Stealth        | |  2.4
Transmutations | |  1.1

Action                   |  1- 3 |  4- 6 || total
-------------------------+-------+-------++-------
Melee: Long sword        |     3 |    49 ||    52
 Cast: Sandblast         |    37 |    84 ||   121
       Passwall          |       |     3 ||     3
Invok: Renounce Religion |       |     1 ||     1
  Use: Scroll            |     2 |     6 ||     8
       Potion            |       |     3 ||     3
Armor: Robe              |     1 |     1 ||     2
Dodge: Dodged            |     5 |    29 ||    34
